 Dungeon Crawl Stone Soup version 0.31-a0-277-g31ea1f65cc (webtiles) character file.

Game seed: 7414160192385531185

4279 holysushi the Nimble (level 10, -8/75 HPs)
             Began as a Djinni Necromancer on July 15, 2023.
             Was an Initiate of Gozag.
             Shot with an arrow by a centaur (14 damage)
             ... on level 9 of the Dungeon.
             The game lasted 00:15:53 (10178 turns).

holysushi the Nimble (Djinni Necromancer)          Turns: 10178, Time: 00:15:53

Health: -8/75      AC:  3    Str:  7    XL:     10   Next: 57%
Gold:   1008       EV: 20    Int: 16    God:    Gozag SH:  0 Dex: 19

rFire   + + .        p - +3 orcbow
rCold   x . .        (shield currently unavailable)
rNeg    . . .        a - +1 robe
rPois   ∞            (helmet restricted)
rElec   .            e - scarf {shadows}
rCorr   .            (no gloves)
SInv    .            (boots unavailable)
Will    +....        (no amulet)
Stlth   ++           (no ring)
HPRegen 0.32/turn    (no ring)
MPRegen 0.00/turn

%: infuse magic (-9 HP)
@: gold aura, flying
A: sickness immunity, fire resistance 2, cold vulnerability 1, float, innate
caster, HP casting, extra vitality 1, claws 1, horns 2
a: Renounce Religion, Potion Petition, Call Merchant, Bribe Branch


You were on level 9 of the Dungeon.
You worshipped Gozag.
Gozag was most pleased with you.
You visited 2 branches of the dungeon, and saw 10 of its levels.

You collected 1046 gold pieces.
You paid 38 gold pieces to Gozag.

Inventory:

Hand Weapons
 k - a +3 whip of electrocution
 p - a +3 orcbow (weapon)
Armour
 a - a +1 robe (worn)
 e - a scarf of shadows (worn)
 l - +0 acid dragon scales
Jewellery
 g - a ring of ice
 i - a ring of wizardry
Talismans
 n - a serpent talisman
Wands
 r - a wand of roots (6)
Scrolls
 h - 3 scrolls of identify
 m - a scroll of fog
 q - a scroll of immolation {unknown}
Potions
 c - a potion of berserk rage
 d - a potion of haste {unknown}
 f - 2 potions of mutation
 j - a potion of cancellation
 o - a potion of lignification {unknown}


   Skills:
 - Level 7.0 Fighting
 + Level 12.3 Dodging
 - Level 1.5 Stealth
 - Level 6.0 Spellcasting
 - Level 6.0 Conjurations
 - Level 6.0 Hexes
 - Level 6.0 Summonings
 - Level 6.0 Necromancy
 - Level 6.0 Translocations
 - Level 6.0 Transmutations
 - Level 6.0 Fire Magic
 - Level 6.0 Ice Magic
 - Level 6.0 Air Magic
 - Level 6.0 Earth Magic
 - Level 6.0 Poison Magic


You knew the following spells:

 Your Spells              Type           Power      Damage    Failure   Level
a - Necrotise             Necr           96%        1d8       1%          1
b - Vampiric Draining     Necr           24%        2d7       3%          3
c - Animate Dead          Necr           24%        N/A       12%         4
d - Agony                 Necr           24%        N/A       32%         5
e - Sting                 Tmut/Pois      96%        1d7       1%          1
f - Scorch                Fire           48%        2d7       1%          2
g - Static Discharge      Conj/Air       48%        2-4/arc   1%          2
h - Vhi's Electric Charg  Tloc/Air       48%        N/A       3%          3
Your spell library was empty.

Dungeon Overview and Level Annotations

Branches:
Dungeon (9/15) Zot: 26226  Temple (1/1) D:4 Zot: 5931
   Lair: D:8-11         Orc: D:9-12

Altars:
Ashenzari
Cheibriados
Dithmenos
Elyvilon
Fedhas
Gozag
Hepliaklqana
Makhleb
Nemelex Xobeh
Okawaru
Qazlal
Ru
Trog
Uskayaw
Wu Jian
Xom
Yredelemnul
Zin
The Shining One

Annotations:
D:4 2 transporters, Theyli's ghost, weakling TeAE
D:9 exclusion: orange crystal statue, Joseph


Innate Abilities, Weirdness & Mutations

You are immune to sickness and miasma.
You are immune to poison.
Your flesh is very heat resistant. (rF++)
You are vulnerable to cold. (rC-)
You float through the air rather than walking.
You learn spells naturally, not from books.
Your magical power is your life essence.
You have superior vitality. (+4 MHP)
You have sharp fingernails.
You have a pair of horns on your head.


Message History

Casting: Vampiric Draining (dangerous; 3% risk of failure)
Confirm with . or Enter, or press ? or * to list all spells.
Aiming: Vampiric Draining (dangerous; 3% risk of failure)
Press: ? - help, Shift-Dir - straight line, f/p - kobold
Aim: a kobold, wielding a +0 short sword (moderately wounded)
You draw life force from the kobold!
You kill the kobold!
You feel life coursing into your body.
The centaur shoots an arrow.
The arrow hits you!
* * * LOW HITPOINT WARNING * * *
Okay, then.
As you read the scroll of fog, it dissolves into smoke.
The centaur shoots an arrow.
The arrow misses you.
You start resting.
A kobold is nearby!
The kobold completely misses you.
Casting: Vampiric Draining (dangerous; 3% risk of failure)
Confirm with . or Enter, or press ? or * to list all spells.
Aiming: Vampiric Draining (dangerous; 3% risk of failure)
Press: ? - help, Shift-Dir - straight line, f - kobold
Aim: a kobold, wielding a +0 dagger and quivering stones (purple smoke)
You draw life force from the kobold!
You kill the kobold!
You feel life coursing into your body.
The centaur shoots an arrow.
The arrow hits you!
* * * LOW HITPOINT WARNING * * *
The orc priest calls down the wrath of Beogh upon you.
You resist with significant effort.
The orc warrior unwields a +0 mace.
The orc warrior wields a +0 orcbow.
The orc warrior shoots an arrow.
The arrow closely misses you.
The centaur shoots an arrow.
The arrow misses you.
The centaur shoots an arrow.
The arrow hits you.
* * * LOW HITPOINT WARNING * * *
You feel much better.
The orc priest calls down the wrath of Beogh upon you.
Beogh smites you!
* * * LOW HITPOINT WARNING * * *
The centaur shoots an arrow.
The arrow hits you!
You die...
Your body crumbles into a pile of gold.

..............#
..............#
..............#
..............#
#.............#
#.....).......#
#.............#
#.......§§....#
.......§§§.@§.#
.......§§c§§.§#
.......§§oo§§.#
.......§§§§§..#
)..§§§§§§§.#
...§......§#
.oK........#
..o........#
...........#


You could see an orc warrior, a centaur and an orc priest.

Vanquished Creatures
  A kobold demonologist (D:8)
  Maggie (D:6)
  Sigmund (D:6)
  A yak (D:8)
  3 steam dragons
  An acid dragon (D:9)
  2 water moccasins
  3 ice beasts
  An orc warrior (D:8)
  2 sky beasts (D:6)
  A black bear (D:4)
  2 centaurs (D:7)
  2 kobold brigands (D:8)
  3 bullfrogs
  2 scorpions
  12 killer bees
  6 howler monkeys
  A jelly (D:6)
  A hound (D:5)
  7 orc priests
  An iron imp (D:6)
  2 sleepcaps
  Jessica (D:3)
  5 orc wizards
  An iguana (D:6)
  4 gnolls (D:4)
  2 adders
  3 white imps
  An ufetubus (D:6)
  2 worms
  2 dart slugs
  30 orcs
  8 bats
  7 endoplasms
  5 giant cockroaches
  5 goblins
  2 hobgoblins (D:3)
  4 jackals (D:4)
  A quokka (D:1)
  8 ball pythons
  A frilled lizard (D:1)
  18 kobolds
  7 rats
173 creatures vanquished.

Vanquished Creatures (collateral kills)
  A worm (D:2)
  An endoplasm (D:1)
  A ball python (D:2)
3 creatures vanquished.

Grand Total: 176 creatures vanquished

Notes
Turn   | Place    | Note
-------+----------+-------------------------------------------
     0 | D:1      | holysushi the Djinni Necromancer began the quest for the
                  | Orb.
     0 | D:1      | holysushi set off with the following spells memorised:
                  | Necrotise, Vampiric Draining, Animate Dead, Agony.
     0 | D:1      | Reached XP level 1. HP: 15/15 MP: 0/0
   128 | D:1      | Reached XP level 2. HP: 16/22 MP: 0/0
   383 | D:1      | Reached XP level 3. HP: 22/26 MP: 0/0
   383 | D:1      | Learned a level 1 spell: Sting
   474 | D:1      | Reached skill level 1 in Fighting
   474 | D:1      | Reached skill level 3 in Dodging
  1309 | D:2      | Reached XP level 4. HP: 30/32 MP: 0/0
  2190 | D:3      | Reached XP level 5. HP: 34/38 MP: 0/0
  2190 | D:3      | Learned a level 2 spell: Scorch
  2404 | D:3      | Reached skill level 4 in Dodging
  2592 | D:3      | Noticed Jessica
  2605 | D:3      | Killed Jessica
  2929 | D:4      | Reached XP level 6. HP: 33/45 MP: 0/0
  3011 | D:4      | Found a staircase to the Ecumenical Temple.
  3027 | D:4      | Found a transporter.
  3027 | D:4      | Noticed Theyli's ghost (weakling TeAE)
  3094 | Temple   | Entered the Ecumenical Temple
  3156 | Temple   | Became a worshipper of Ru the Awakened
  3241 | D:4      | Found an opulent altar of Gozag.
  3245 | D:4      | Reached skill level 5 in Dodging
  3258 | D:4      | Fell from the grace of Ru
  3258 | D:4      | Became a worshipper of Gozag Ym Sagoz the Greedy
  3357 | D:4      | Found a transporter.
  3441 | D:4      | Noticed a black bear
  3448 | D:4      | Killed a black bear
  3449 | D:4      | Reached XP level 7. HP: 46/52 MP: 0/0
  3449 | D:4      | Learned a level 2 spell: Static Discharge
  3791 | D:5      | Entered Level 5 of the Dungeon
  3983 | D:5      | Noticed a water moccasin
  3999 | D:5      | Killed a water moccasin
  4064 | D:5      | Noticed a steam dragon
  4072 | D:5      | Killed a steam dragon
  4073 | D:5      | Reached skill level 5 in Spellcasting
  4073 | D:5      | Reached skill level 5 in Conjurations
  4073 | D:5      | Reached skill level 5 in Hexes
  4073 | D:5      | Reached skill level 5 in Summonings
  4073 | D:5      | Reached skill level 5 in Necromancy
  4073 | D:5      | Reached skill level 5 in Translocations
  4073 | D:5      | Reached skill level 5 in Transmutations
  4073 | D:5      | Reached skill level 5 in Fire Magic
  4073 | D:5      | Reached skill level 5 in Ice Magic
  4073 | D:5      | Reached skill level 5 in Air Magic
  4073 | D:5      | Reached skill level 5 in Earth Magic
  4073 | D:5      | Reached skill level 5 in Poison Magic
  4090 | D:5      | Reached XP level 8. HP: 35/58 MP: 0/0
  4549 | D:5      | Found a blossoming altar of Fedhas.
  5296 | D:6      | Noticed Sigmund
  5302 | D:6      | Killed Sigmund
  5303 | D:6      | Reached skill level 6 in Dodging
  5390 | D:6      | Reached skill level 5 in Fighting
  5732 | D:6      | Reached XP level 9. HP: 56/66 MP: 0/0
  5732 | D:6      | Learned a level 3 spell: Vhi's Electric Charge
  5772 | D:6      | Found a snail-covered altar of Cheibriados.
  5965 | D:6      | Noticed Maggie
  5975 | D:6      | Killed Maggie
  5976 | D:6      | Reached skill level 7 in Dodging
  6319 | D:6      | Found a white marble altar of Elyvilon.
  6545 | D:6      | Found a basalt altar of Yredelemnul.
  7109 | D:7      | Reached skill level 8 in Dodging
  8155 | D:8      | Reached skill level 9 in Dodging
  8391 | D:8      | Gained mutation: You have a pair of small horns on your
                  | head. [potion of mutation]
  8391 | D:8      | Gained mutation: You have sharp fingernails. [potion of
                  | mutation]
  8391 | D:8      | Gained mutation: You have a pair of horns on your head.
                  | [potion of mutation]
  8393 | D:8      | Reached XP level 10. HP: 9/75 MP: 0/0
  8436 | D:8      | Noticed a kobold demonologist
  8443 | D:8      | Killed a kobold demonologist
  8444 | D:8      | Reached skill level 10 in Dodging
  8755 | D:8      | Found a glowing golden altar of the Shining One.
  8802 | D:8      | Reached skill level 11 in Dodging
  9863 | D:9      | Reached skill level 12 in Dodging
 10092 | D:9      | Noticed an orange crystal statue
 10146 | D:9      | Noticed Joseph
 10177 | D:9      | HP: 2/75 [centaur/arrow (6)]
 10178 | D:9      | Shot with an arrow by a centaur

Illustrated notes

Levels and vault maps discovered:
D:1:      dpeg_arrival_shelter, layout_loops_ring, serial_rivers,
          chequers_serial_rivers_large_b, chequers_serial_rivers_micro_b,
          chequers_serial_rivers_micro_c, chequers_serial_rivers_micro_c,
          chequers_serial_rivers_room_a, chequers_serial_rivers_small_b
D:2:      layout_basic
D:3:      layout_basic, serial_curves, eino_curves_04, eino_curves_01,
          eino_curves_02, eino_curves_02, serial_bayou_pond_e, uniq_jessica
D:4:      layout_cave_pools, mainiacjoe_overflow_24_doors,
          minmay_temple_entry_glassed_door, gammafunk_ghost_arena
D:5:      layout_basic, nicolae_overflow_squiral
D:6:      layout_gridville, slow_altar_2, kennysheep_ying_yang,
          minmay_misc_feat_pillars, uniq_sigmund, uniq_maggie
D:7:      layout_layer_cave, nicolae_titane
D:8:      layout_basic, tso_altar
D:9:      layout_grid_maze, david_orc_3, minmay_statue_bubble, uniq_joseph
Temple:   eino_wide_crystal_templ

Skill      XL: |  1  2  3  4  5  6  7  8  9 10 |
---------------+-------------------------------+-----
Fighting       | 1 2 4 5 7 |  7.0
Dodging        | 3 4 5 6 9 12 | 12.3
Spellcasting   | 4 5 6 |  6.0
Conjurations   | 4 5 6 |  6.0
Hexes          | 4 5 6 |  6.0
Summonings     | 4 5 6 |  6.0
Necromancy     | 4 5 6 |  6.0
Translocations | 4 5 6 |  6.0
Transmutations | 4 5 6 |  6.0
Fire Magic     | 4 5 6 |  6.0
Ice Magic      | 4 5 6 |  6.0
Air Magic      | 4 5 6 |  6.0
Earth Magic    | 4 5 6 |  6.0
Poison Magic   | 4 5 6 |  6.0
Stealth        | |  1.5

Action                     |  1- 3 |  4- 6 |  7- 9 | 10-12 || total
---------------------------+-------+-------+-------+-------++-------
  Melee: Unarmed           |     2 |    10 |       |       ||    12
         Whip              |       |     7 |    19 |       ||    26
   Fire: Orcbow            |       |       |    17 |    16 ||    33
   Cast: Necrotise         |    78 |    38 |     3 |       ||   119
         Vampiric Draining |     1 |    13 |    94 |    76 ||   184
         Scorch            |       |    34 |    57 |     4 ||    95
    Use: Scroll            |       |       |    14 |     2 ||    16
         Potion            |       |       |     2 |     1 ||     3
 Armour: Robe              |     6 |    10 |    22 |    15 ||    53
  Dodge: Dodged            |    14 |    31 |    91 |   108 ||   244

Table legend: (Time is in decaauts)
 A = Elapsed time spent in this place.
 B = Non-inter-level travel time spent in this place.
 C = Inter-level travel time spent in this place.
 D = Time resting spent in this place.
 E = Time spent auto-exploring this place.
 F = Levels seen in this place.
 G = Mean time per level.
                   A        B        C        D        E       F      G
               +--------+--------+--------+--------+--------+-----+--------+
         Total |  10195 |   9720 |    475 |   2021 |   6090 |  10 | 1019.5 |
       Dungeon |  10126 |   9656 |    470 |   2021 |   6048 |   9 | 1125.1 |
        Temple |     68 |     63 |      5 |      0 |     42 |   1 |   68.0 |
               +--------+--------+--------+--------+--------+-----+--------+

Top non-repeatable levels by time:
     D:6: 1593 daAuts
     D:7: 1535 daAuts
     D:8: 1423 daAuts
     D:3: 1315 daAuts
     D:5: 1209 daAuts
     D:1: 958 daAuts
     D:4: 734 daAuts
     D:2: 714 daAuts
     D:9: 642 daAuts
  Temple: 68 daAuts
